 Dungeon Crawl Stone Soup version 0.20-a0-972-gb9bd3e6 (webtiles) character file.

554 nikopol the Magician (level 7, -9/36 HPs)
             Began as a Deep Elf Fire Elementalist on Apr 9, 2017.
             Mangled by an ogre
             ... wielding a cursed -1 giant club
              (17 damage)
             ... while paralysed by Grinder
             ... on level 4 of the Dungeon.
             The game lasted 00:22:52 (4903 turns).

nikopol the Magician (Deep Elf Fire Elementalist)   Turns: 4903, Time: 00:22:52

Health: -9/36      AC:  3    Str:  3    XL:     7   Next: 8%
Magic:  13/18      EV:  2    Int: 22    God:
Gold:   266        SH:  0    Dex: 15    Spells: 7/18 levels left

rFire    . . .     SeeInvis .   k - +3 short sword (venom)
rCold    + . .     Gourm    .   (no shield)
rNeg     . . .     Faith    .   a - +0 robe
rPois    .         Spirit   .   e - +0 helmet
rElec    .         Reflect  .   (no cloak)
rCorr    .         Harm     .   (no gloves)
MR       .....                  (no boots)
Stlth    +++.......             (no amulet)
Regen    0.2/turn               d - ring of protection from cold
MPRegen  0.2/turn               s - -2 ring of strength (curse)

@: paralysed
A: no striking features
a: no special abilities


You were on level 4 of the Dungeon.
You were hungry.

You visited 1 branch of the dungeon, and saw 4 of its levels.
You also visited: Ossuary.

You collected 266 gold pieces.

Inventory:

Hand Weapons
 k - a +3 short sword of venom (weapon)
Armour
 a - a +0 robe (worn)
 e - a +0 helmet (worn)
Jewellery
 d - a ring of protection from cold (left hand)
 s - a cursed -2 ring of strength (right hand)
Scrolls
 p - 2 scrolls of enchant weapon
 q - 2 scrolls of remove curse
 t - a scroll of identify
 v - 2 scrolls of teleportation
Potions
 g - 5 potions of curing
 i - a potion of ambrosia {unknown}
 l - a potion of flight {unknown}
 m - 2 potions of cancellation {unknown}
 n - 3 potions of might
 o - 2 potions of magic {unknown}
 r - a potion of agility {unknown}
 w - a potion of degeneration {unknown}
 x - a potion of heal wounds {unknown}
Books
 b - a book of Flames

   Spells                             Type                      Level
   a - Flame Tongue                   Conjuration/Fire             1
   b - Throw Flame                    Conjuration/Fire             2
   c - Conjure Flame                  Conjuration/Fire             3
   d - Inner Flame                    Hexes/Fire                   3
   e - Sticky Flame                   Conjuration/Fire             4
   f - Fireball                       Conjuration/Fire             5
Comestibles
 c - 3 bread rations
 h - 14 fruits
 j - a royal jelly
 z - a meat ration


   Skills:
 + Level 2.5 Dodging
 + Level 3.9 Stealth
 + Level 6.4 Spellcasting
 + Level 4.2 Conjurations
 + Level 5.4 Fire Magic


You had 7 spell levels left.
You knew the following spells:

 Your Spells              Type           Power        Failure   Level  Hunger
a - Flame Tongue          Conj/Fire      ####.        1%          1    None
b - Throw Flame           Conj/Fire      ####..       1%          2    None
c - Conjure Flame         Conj/Fire      ####....     4%          3    #......
f - Fireball              Conj/Fire      ####......   38%         5    #####..


Dungeon Overview and Level Annotations

Branches:
Dungeon (4/15)             Temple (0/1) D:4

Altars:
Kikubaaqudgha
Okawaru
Qazlal

Annotations:
D:4 Grinder


Message History

Casting: Flame Tongue
Confirm with . or Enter, or press ? or * to list all spells.
Aiming: Flame Tongue
Press: ? - help, Shift-Dir - straight line, f/p - Grinder
Aim: Grinder (severely wounded)
The flame tongue hits Grinder.
Grinder is almost dead.
The ogre shouts!
Grinder blinks!
Grinder gestures at you.
You suddenly lose the ability to move!
Grinder gestures at you. You resist with some effort. Grinder hits you!
You writhe in agony.
Grinder hits you.
* * * LOW HITPOINT WARNING * * *
You writhe in agony.
* * * LOW HITPOINT WARNING * * *
Grinder blinks!
The ogre hits you with a giant club!
You die...

#......# ########.####.#
#.............# #.######...##.#
#.##...#...##.# #.##.#.#...####
****** #.##.#.#......#
,,...##**########.##.#5#...##.#
,,,....,,.......@ยง.......####.##
*###..###########O....)........#
,,.........O..........##.#######
,,,....,.................#
.####.###############.####
...................>#.#
......<.########.####.#
..................# #.#
.#.####.########..# #.#


You could see Grinder and an ogre.

Vanquished Creatures
  Menkaure (Ossuary)
  An ogre (D:4)
  2 scorpions
  A water moccasin skeleton (D:4)
  A hound (D:4)
  A worker ant (D:4)
  2 hound skeletons (D:4)
  3 mummies (Ossuary)
  A gnoll (D:1)
  4 adders
  An ooze (D:1)
  3 worms
  4 dart slugs
  5 leopard geckos
  5 orcs (D:3)
  13 bats
  8 giant cockroaches
  3 gnoll zombies (Ossuary)
  4 goblins
  8 hobgoblins
  7 jackals (D:3)
  A quokka (D:4)
  6 frilled lizards
  3 gnoll skeletons (Ossuary)
  3 goblin skeletons (Ossuary)
  2 goblin zombies (Ossuary)
  2 hobgoblin skeletons (Ossuary)
  4 hobgoblin zombies (Ossuary)
  5 kobolds
  A kobold skeleton (Ossuary)
  A kobold zombie (Ossuary)
  4 orc zombies (Ossuary)
  A quokka zombie (D:4)
  9 rats
  A rat skeleton (Ossuary)
  A rat zombie (D:4)
122 creatures vanquished.

Vanquished Creatures (others)
  A gnoll zombie (Ossuary)
  2 gnoll skeletons (Ossuary)
  5 goblin skeletons (Ossuary)
  A goblin zombie (Ossuary)
  3 hobgoblin skeletons (Ossuary)
  3 hobgoblin zombies (Ossuary)
  2 kobold skeletons (Ossuary)
  A kobold zombie (Ossuary)
  2 orc skeletons (Ossuary)
  3 orc zombies (Ossuary)
  A rat skeleton (Ossuary)
  2 rat zombies (Ossuary)
26 creatures vanquished.

Grand Total: 148 creatures vanquished

Notes
Turn   | Place    | Note
-------+----------+-------------------------------------------
     0 | D:1      | nikopol the Deep Elf Fire Elementalist began the quest for the Orb.
     0 | D:1      | Reached XP level 1. HP: 10/10 MP: 6/6
   144 | D:1      | Reached XP level 2. HP: 6/15 MP: 2/8
   810 | D:1      | Reached XP level 3. HP: 19/19 MP: 4/9
   855 | D:1      | Learned a level 2 spell: Throw Flame
   859 | D:1      | Learned a level 3 spell: Conjure Flame
  1215 | D:2      | Found a stormy altar of Qazlal.
  1452 | D:2      | Reached XP level 4. HP: 24/24 MP: 7/11
  1776 | D:3      | Reached skill level 4 in Spellcasting
  2073 | D:3      | Found an iron altar of Okawaru.
  2166 | D:3      | Reached XP level 5. HP: 27/28 MP: 10/13
  2722 | D:3      | Found an ancient bone altar of Kikubaaqudgha.
  2986 | D:4      | Reached skill level 5 in Spellcasting
  3062 | D:4      | Found a sand-covered staircase.
  3070 | Ossuary  | Entered an ossuary
  3084 | Ossuary  | Learned a level 5 spell: Fireball
  3676 | Ossuary  | Noticed Menkaure
  3692 | Ossuary  | Reached XP level 6. HP: 18/32 MP: 4/15
  3694 | Ossuary  | Killed Menkaure
  3694 | Ossuary  | Reached skill level 5 in Fire Magic
  4417 | D:4      | Reached skill level 6 in Spellcasting
  4638 | D:4      | Reached XP level 7. HP: 36/36 MP: 11/18
  4889 | D:4      | Noticed Grinder
  4897 | D:4      | Paralysed by Grinder for 7 turns
  4903 | D:4      | Mangled by an ogre

Vault maps used:
D:1:      dpeg_arrival_boxorama
D:2:      nicolae_qazlal_general_emergency
D:3:      lemuel_round_altar, old_standard_altar, eino_tiny_chamber
D:4:      minmay_temple_entry_poolview, enter_ossuary_4, first_bread,
          minmay_cupped, uniq_grinder
Ossuary:  ossuary_due_pyramid

Skill      XL: |  1  2  3  4  5  6 |
---------------+-------------------+-----
Conjurations   | 2 3 4 |  4.2
Stealth        | 3 |  3.9
Spellcasting   | 4 5 6 |  6.4
Fire Magic     | 4 5 |  5.4
Dodging        | |  2.5

Action                   |  1- 3 |  4- 6 |  7- 9 || total
-------------------------+-------+-------+-------++-------
 Cast: Flame Tongue      |    74 |   131 |    13 ||   218
       Throw Flame       |     1 |    26 |     3 ||    30
       Conjure Flame     |       |     2 |       ||     2
  Use: Scroll            |       |     4 |     3 ||     7
  Eat: Chunk             |     1 |     7 |     1 ||     9
       Royal jelly       |       |     1 |       ||     1
Armor: Robe              |     3 |     6 |     1 ||    10
Dodge: Dodged            |    13 |    14 |     1 ||    28
